 Dungeon Crawl Stone Soup version 0.25-a0-474-ga8a2ee3166 (webtiles) character file.

Game seed: 17282582709706153574, levelgen mode: deterministic

80 Eurus the Magician (level 4, -1/33 HPs)
             Began as a Mummy Conjurer on Feb 8, 2020.
             Killed from afar by an orc wizard (10 damage)
             ... with a puff of flame
             ... on level 2 of the Dungeon.
             The game lasted 00:05:51 (2206 turns).

Eurus the Magician (Mummy Conjurer)                 Turns: 2206, Time: 00:05:52

Health: -1/33      AC:  4    Str: 11    XL:     4   Next: 18%
Magic:  6/9        EV: 12    Int: 15    God:
Gold:   27         SH:  0    Dex: 12    Spells: 7/10 levels left

rFire    x . .     SeeInvis .   c - +0 short sword
rCold    + . .     Gourm    .   (no shield)
rNeg     + + +     Faith    .   a - +0 robe
rPois    ∞         Spirit   .   (no helmet)
rElec    .         Reflect  .   (no cloak)
rCorr    .         Harm     .   h - +0 pair of gloves
MR       .....                  f - +0 pair of boots
Stlth    ++........             (no amulet)
HPRegen  0.11/turn              (no ring)
MPRegen  0.11/turn              (no ring)

@: no status effects
A: no food or potions, fire vulnerability, cold resistance 1, negative energy
resistance 3, torment resistance, unbreathing
a: no special abilities


You were on level 2 of the Dungeon.
You were not hungry.

You visited 1 branch of the dungeon, and saw 3 of its levels.

You collected 27 gold pieces.

Inventory:

Hand Weapons
 c - a +0 short sword (weapon)
Armour
 a - a +0 robe (worn)
 f - a +0 pair of boots (worn)
 h - a +0 pair of gloves (worn)
Jewellery
 i - an uncursed ring of flight {unknown}
Scrolls
 b - a scroll of identify {unknown}
 d - a scroll of immolation {unknown}
 e - 3 scrolls of remove curse {unknown}
 g - a scroll of random uselessness {unknown}


   Skills:
 + Level 2.0 Fighting
 - Level 1.5 Dodging
 - Level 1.5 Stealth
 + Level 3.9 Spellcasting
 + Level 3.8 Conjurations


You had 7 spell levels left.
You knew the following spells:

 Your Spells              Type           Power        Failure   Level  Hunger
a - Magic Dart            Conj           ##..         3%          1    N/A
b - Searing Ray           Conj           ##....       6%          2    N/A

Your spell library contained the following spells:

 Spells                   Type           Power        Failure   Level  Hunger
 Dazzling Flash           Conj/Hex       #.....       26%         3    N/A
 Fulminant Prism          Conj/Hex       #.........   63%         4    N/A
 Iskenderun's Mystic Bla  Conj/Tloc      #.......     63%         4    N/A

Dungeon Overview and Level Annotations

Branches:
Dungeon (3/15)

Altars:


Innate Abilities, Weirdness & Mutations

You do not eat or drink.
Your flesh is vulnerable to fire.
You are immune to poison.
Your flesh is cold resistant. (rC+)
You are immune to negative energy. (rN+++)
You are immune to unholy pain and torment.
You can survive without breathing.


Message History

There is a stone staircase leading down here.
The orc wizard hits you with a +0 dagger.
Casting: Magic Dart (safe; 3% risk of failure)
Confirm with . or Enter, or press ? or * to list all spells.
Aiming: Searing Ray (safe; 6% risk of failure)
Press: ? - help, Shift-Dir - straight line, f - orc wizard
Aim: an orc wizard, wielding a +0 dagger and wearing a +0 robe The searing ray hits the orc wizard.
The orc wizard is moderately wounded. (Press . to maintain the ray.)
The orc wizard points at you and mumbles some strange words.
The magic dart hits you.
* * * LOW HITPOINT WARNING * * *
The searing ray hits the orc!
You kill the orc!
The searing ray hits the orc wizard.
The orc wizard is severely wounded.
The orc wizard gestures at you while chanting.
The puff of flame hits you! The fire burns you terribly!
You die...

.#.####.##.....##....##.#####.##.
.........#.<.........##.# #.##.
.........#.#...##....##.# #.#..
.........#.#...##....##.#####.###
.........#.#...##.............##.
##'#######.##..##....##.#####.##.
#.# #.##...........# #.##. #.#
#.##..###.####.# #.##. ##.#####
#.#...)@.......# #.##. .......#
#.#..o###.####.# #.##. ##.#####
#.#..>###.####.#####.##. ##.#
#....................... ...#
#.#.#####.##............ ####
#.#.# #..#.#.#####.##. # #.#.#
#..#.#.### #.##. # #.#.#
#........# #.... # #.#.#
#..#.###.# #.#..


You could see an orc wizard.

Vanquished Creatures
  2 adders (D:2)
  An ooze (D:1)
  A worm (D:2)
  3 dart slugs (D:2)
  An orc (D:2)
  A giant cockroach (D:1)
  7 goblins (D:1)
  5 hobgoblins
  8 jackals
  5 bats
  2 frilled lizards
  3 kobolds (D:1)
  7 rats
46 creatures vanquished.

Notes
Turn   | Place    | Note
-------+----------+-------------------------------------------
     0 | D:1      | Eurus the Mummy Conjurer began the quest for the Orb.
     0 | D:1      | Reached XP level 1. HP: 13/13 MP: 4/4
   155 | D:1      | Reached XP level 2. HP: 20/20 MP: 0/6
   169 | D:1      | Reached skill level 1 in Fighting
   264 | D:1      | Learned a level 2 spell: Searing Ray
   643 | D:1      | Reached XP level 3. HP: 22/26 MP: 1/7
  1556 | D:2      | Reached XP level 4. HP: 33/33 MP: 5/9
  1828 | D:2      | Found a faded altar of an unknown god.
  2206 | D:2      | Killed from afar by an orc wizard

Levels and vault maps discovered:
D:1:      nicolae_arrival_memento_mori, layout_basic, minmay_tetromino_i4
D:2:      layout_basic, chequers_ecumenical_altar_simple_redux,
          minmay_misc_feat_room
D:3:      layout_basic, minivault_14, minmay_misc_feat_enclosed

Skill      XL: |  1  2  3  4 |
---------------+-------------+-----
Spellcasting   | 3 |  3.9
Fighting       | 1 2 |  2.0
Dodging        | |  1.5
Stealth        | |  1.5
Conjurations   | |  3.8

Action                   |  1- 3 |  4- 6 || total
-------------------------+-------+-------++-------
Melee: Unarmed           |     5 |       ||     5
       Short sword       |    53 |    26 ||    79
 Cast: Magic Dart        |    48 |     3 ||    51
       Searing Ray       |     2 |     2 ||     4
 Stab: Sleeping          |     1 |     2 ||     3
Armor: Robe              |    11 |     4 ||    15
Dodge: Dodged            |    59 |    15 ||    74

Table legend:
 A = Non-vault XP
 B = Vault XP
 C = Vault XP percentage of total XP
 D = Non-vault monster count
 E = Vault monster count
 F = Vault count percentage of total count
                 A         B        C        D         E       F
            +---------+---------+-------+---------+---------+-------
      Total |     110 |       5 |   4.3 |      43 |       3 |   6.5
            +---------+---------+-------+---------+---------+-------
        D:1 |      45 |       5 |  10.0 |      24 |       3 |  11.1
        D:2 |      65 |       0 |   0.0 |      19 |       0 |   0.0
            +---------+---------+-------+---------+---------+-------
